 Dungeon Crawl Stone Soup version 0.28-a0-479-g5baa6b73be (webtiles) character file.

Game seed: 9123279226368304194

148 Dabor the Conjurer (level 4, 0/33 HPs)
             Began as a Demigod Conjurer on Sept 18, 2021.
             Killed from afar by Sigmund (9 damage)
             ... with a magic dart
             ... on level 3 of the Dungeon.
             The game lasted 00:03:57 (2365 turns).

Dabor the Conjurer (Demigod Conjurer)               Turns: 2365, Time: 00:03:59

Health: 0/33       AC:  2    Str:  8    XL:     4   Next: 82%
Magic:  4/10       EV: 16    Int: 24    God:
Gold:   76         SH:  0    Dex: 12    Spells: 1/7 levels left

rFire   . . .      SeeInvis .   g - +2 dagger (elec)
rCold   . . .      Faith    .   (no shield)
rNeg    . . .      Spirit   .   a - +0 robe
rPois   .          Reflect  .   (no helmet)
rElec   .          Harm     .   (no cloak)
rCorr   .          Rampage  .   (no gloves)
Will    .....                   (no boots)
Stlth   +.........              (no amulet)
HPRegen 0.11/turn               q - ring of wizardry
MPRegen 0.12/turn               s - +4 ring of evasion

@: confused
A: high mp 1, forlorn
a: no special abilities


You were on level 3 of the Dungeon.
You visited 1 branch of the dungeon, and saw 3 of its levels.

You collected 76 gold pieces.

Inventory:

Hand Weapons
 g - a +2 dagger of electrocution (weapon)
Armour
 a - a +0 robe (worn)
Jewellery
 q - a ring of wizardry (left hand)
 s - a +4 ring of evasion (right hand)
Scrolls
 b - a scroll of amnesia {unknown}
 d - a scroll of blinking {unknown}
 f - a scroll of immolation {unknown}
 i - a scroll of noise {unknown}
 j - a scroll of torment {unknown}
 k - a scroll of brand weapon {unknown}
 l - a scroll of magic mapping {unknown}
 o - 2 scrolls of identify {unknown}
 p - a scroll of teleportation {unknown}
Potions
 c - 2 potions of curing {unknown}
 e - a potion of mutation {unknown}
 h - a potion of brilliance {unknown}
 m - a potion of might {unknown}
 n - a potion of flight {unknown}
 r - a potion of lignification {unknown}


   Skills:
 + Level 2.6 Dodging
 + Level 2.6 Stealth
 + Level 2.4 Spellcasting
 + Level 4.1 Conjurations
 * Level 1.7 Hexes
 + Level 0.9 Earth Magic


You had one spell level left.
You knew the following spells:

 Your Spells              Type           Power      Damage    Failure   Level
a - Magic Dart            Conj           88%        1d7       1%          1
b - Searing Ray           Conj           44%        2d6       1%          2
c - Stone Arrow           Conj/Erth      30%        3d8       4%          3

Your spell library contained the following spells:

 Spells                   Type           Power      Damage    Failure   Level
 Dazzling Flash           Conj/Hex       32%        N/A       4%          3
 Fulminant Prism          Conj/Hex       8%         3d7       14%         4
 Iskenderun's Mystic Bla  Conj/Tloc      12%        2d5       21%         4
 Animate Armour           Summ/Erth      10%        N/A       34%         4
 Lehudib's Crystal Spear  Conj/Erth      7%         10d3      100%        8


Dungeon Overview and Level Annotations

Branches:
Dungeon (3/15)

Annotations:
D:3 Sigmund


Innate Abilities, Weirdness & Mutations

Your attributes grow dramatically as you level up.
You have an increased reservoir of magic. (+10% MP)
You shall have no god before yourself.


Message History

You hear the sound of rushing water.
There is an entrance to a sewer on this level.
Hurry and find it before the portal rusts away!
Level annotation: Sigmund You hear the rusting of a distant drain.
There is a stone staircase leading up here.
Casting: Magic Dart (safe; 1% risk of failure)
Confirm with . or Enter, or press ? or * to list all spells.
Aiming: Magic Dart (safe; 1% risk of failure)
Press: ? - help, Shift-Dir - straight line, f - endoplasm
Aim: an endoplasm (100% to hit)
The magic dart hits the endoplasm!
You kill the endoplasm!
Sigmund shouts!
You hear an angry hiss.
Sigmund drinks a potion.
Sigmund seems to speed up.
An adder comes into view.
A giant cockroach comes into view.
Casting: Magic Dart (safe; 1% risk of failure)
Confirm with . or Enter, or press ? or * to list all spells.
Aiming: Stone Arrow (dangerous; 4% risk of failure)
Press: ? - help, Shift-Dir - straight line, f - Sigmund
Aim: Sigmund, wielding a +0 scythe and wearing a +0 robe (fast, 64% to hit)
The stone arrow misses Sigmund.
Sigmund hits you from afar with a +0 scythe!
Casting: Stone Arrow (dangerous; 4% risk of failure)
Confirm with . or Enter, or press ? or * to list all spells.
Aiming: Stone Arrow (dangerous; 4% risk of failure)
Press: ? - help, Shift-Dir - straight line, f/p - Sigmund
Aim: Sigmund, wielding a +0 scythe and wearing a +0 robe (fast, 64% to hit)
The stone arrow hits Sigmund!
Sigmund is moderately wounded.
Sigmund hits you from afar with a +0 scythe!
* * * LOW HITPOINT WARNING * * *
Sigmund closely misses you. Sigmund gestures at you while chanting.
You are confused.
Sigmund screams, "Die, monster!"
Sigmund barely misses you.
You bump into the rock wall.
Sigmund gestures at you while chanting. The magic dart hits you!
You die...

######. ####......
###......## . #
##...#..#..#
..(.#.########..##..##.##
....S.S@.........<.###.#
....####..###...#### #J#
...#...#.@###.### #.#
..^....B......# #.#
.......<...##### #.##
...............#######..#
.........#####..........#
.(......## ########.....
...#..... ##....
#..#####. ..... #. .
.#.?.


You could see Sigmund (fast), an adder and a giant cockroach.

Vanquished Creatures
  An ice beast (D:3)
  An adder (D:2)
  A worm (D:2)
  2 dart slugs (D:1)
  5 orcs (D:2)
  4 endoplasms
  2 giant cockroaches (D:1)
  2 goblins (D:1)
  A hobgoblin (D:2)
  3 jackals (D:2)
  3 ball pythons (D:2)
  A bat (D:3)
  3 frilled lizards
  2 kobolds
  4 rats
35 creatures vanquished.

Notes
Turn   | Place    | Note
-------+----------+-------------------------------------------
     0 | D:1      | Dabor the Demigod Conjurer began the quest for the Orb.
     0 | D:1      | Reached XP level 1. HP: 14/14 MP: 5/5
   706 | D:1      | Reached XP level 2. HP: 10/20 MP: 1/7
  1584 | D:2      | Reached XP level 3. HP: 24/26 MP: 2/8
  2016 | D:2      | Learned a level 2 spell: Searing Ray
  2020 | D:2      | Learned a level 3 spell: Stone Arrow
  2073 | D:2      | Reached skill level 1 in Hexes
  2155 | D:3      | Noticed an ice beast
  2185 | D:3      | Killed an ice beast
  2186 | D:3      | Reached skill level 4 in Conjurations
  2186 | D:3      | Reached XP level 4. HP: 14/33 MP: 0/10
  2201 | D:3      | Noticed Sigmund
  2365 | D:3      | Killed from afar by Sigmund

Illustrated notes

Levels and vault maps discovered:
D:1:      psy_arrival_terrarium, layout_basic, basic_ecumenical_altar,
          columned_hall_lemuel
D:2:      layout_basic
D:3:      layout_rooms, nzn_wu_jian_contemplation, gup_sewer_entry_spiral,
          uniq_terence, uniq_sigmund, uniq_crazy_yiuf_cottage, uniq_grinder

Skill      XL: |  1  2  3 |
---------------+----------+-----
Dodging        | 2 |  2.6
Stealth        | 2 |  2.6
Spellcasting   | 2 |  2.4
Hexes          | 1 |  1.7
Conjurations   | 4 |  4.1
Earth Magic    | |  0.9

Action                   |  1- 3 |  4- 6 || total
-------------------------+-------+-------++-------
Melee: Dagger            |     3 |       ||     3
       Unarmed           |     1 |       ||     1
 Cast: Magic Dart        |    81 |     2 ||    83
       Stone Arrow       |     2 |     2 ||     4
Armor: Robe              |     4 |       ||     4
Dodge: Dodged            |     7 |     2 ||     9

Table legend: (Time is in decaauts)
 A = Elapsed time spent in this place.
 B = Non-inter-level travel time spent in this place.
 C = Inter-level travel time spent in this place.
 D = Time resting spent in this place.
 E = Time spent auto-exploring this place.
 F = Levels seen in this place.
 G = Mean time per level.
                   A        B        C        D        E       F      G
               +--------+--------+--------+--------+--------+-----+--------+
         Total |   2364 |   2319 |     45 |    450 |   1571 |   3 |  788.0 |
       Dungeon |   2364 |   2319 |     45 |    450 |   1571 |   3 |  788.0 |
               +--------+--------+--------+--------+--------+-----+--------+

Top non-repeatable levels by time:
     D:1: 1353 daAuts
     D:2: 945 daAuts
     D:3: 65 daAuts
